 Dungeon Crawl Stone Soup version 0.27.1-34-g3ba077fa99 (webtiles) character file.

Game seed: 12686967832736486244

25 Gabide the Ducker (level 3, -1/29 HPs)
             Began as a Human Monk on Jan 21, 2022.
             Slain by a black bear (3 damage)
             ... on level 1 of the Dungeon.
             The game lasted 00:01:34 (1268 turns).

Gabide the Ducker (Human Monk)                      Turns: 1268, Time: 00:01:35

Health: -1/29      AC:  2    Str: 11    XL:     3   Next: 20%
Magic:  3/3        EV: 13    Int: 10    God:
Gold:   44         SH:  0    Dex: 16    Spells: 2/2 levels left

rFire    . . .     SeeInvis .   a - +0 spear
rCold    . . .     Faith    .   (no shield)
rNeg     . . .     Spirit   .   b - +0 robe
rPois    .         Reflect  .   (no helmet)
rElec    .         Harm     .   (no cloak)
rCorr    .         Rampage  .   (no gloves)
Will     .....                  (no boots)
Stlth    ++........             (no amulet)
HPRegen  0.09/turn              (no ring)
MPRegen  0.08/turn              (no ring)

@: flying
A: no striking features
a: no special abilities


You were on level 1 of the Dungeon.
You visited 1 branch of the dungeon, and saw 2 of its levels.

You collected 44 gold pieces.

Inventory:

Hand Weapons
 a - a +0 spear (weapon)
Armour
 b - a +0 robe (worn)


   Skills:
 + Level 3.3 Fighting
 + Level 3.2 Polearms
 * Level 3.4 Dodging
 + Level 2.3 Stealth


You had 2 spell levels left.
You didn't know any spells.
Your spell library contained the following spells:

 Spells                   Type           Power      Damage    Failure   Level
 Shock                    Conj/Air       0%         1d3       36%         1
 Swiftness                Air            0%         N/A       75%         3
 Airstrike                Air            0%         N/A       98%         4
 Olgreb's Toxic Radiance  Pois           0%         N/A       98%         4
 Ozocubu's Refrigeration  Ice            0%         4d5       100%        7
 Ignition                 Fire           0%         3d3       100%        8


Dungeon Overview and Level Annotations

Branches:
Dungeon (2/15)

Altars:

Shops:
D:1 :


Message History

The jackal is almost dead.
The jackal bites you but does no damage.
The jackal barely misses you.
You hit the jackal.
You kill the jackal!
The black bear barely misses you. The black bear claws you.
The black bear barely misses you.
You see here a jackal corpse.
You hit the black bear.
The black bear is lightly wounded.
The black bear bites you but does no damage.
The black bear claws you. The black bear barely misses you.
You hit the black bear.
The black bear is moderately wounded.
The black bear completely misses you. The black bear misses you.
The black bear completely misses you.
You hit the black bear but do no damage.
The black bear is moderately wounded.
The black bear bites you but does no damage.
The black bear closely misses you. The black bear claws you.
You hit the black bear.
The black bear is heavily wounded.
The black bear barely misses you. x2; The black bear claws you.
You hit the black bear but do no damage.
The black bear is heavily wounded.
The black bear bites you. The black bear claws you.
* * * LOW HITPOINT WARNING * * *
The black bear misses you.
You barely miss the black bear.
The black bear is heavily wounded.
The black bear barely misses you. The black bear claws you.
* * * LOW HITPOINT WARNING * * *
The black bear claws you.
* * * LOW HITPOINT WARNING * * *
Unknown command.
As you read the scroll labelled RELUF DYODGH, it crumbles to dust.
You feel a surge of unholy energy.
The black bear convulses!
It was a scroll of torment.
The black bear misses you. The black bear barely misses you.
The black bear claws you.
You die...

#####.### #...#.####
#.......# #.........
#.###.#.# #.........
#######.###.#.# #.....)...
#...........#.# #.........
##.####.#####.###.........
#.# #.#.................
#.# #.#.###.###.........
#.# #.#@# #.# #.........
#.# #.#h# #.####..#.....
#.# #.#†###...)...#_....
#.# #.#....###....#.....
#.# ##.#>................
#.# #......#######.....[.
#.# #......#######.#...#.
#.###..............#...#.
#..................#...#.


You could see a black bear.

Vanquished Creatures
  5 bats (D:1)
  An endoplasm (D:1)
  A giant cockroach (D:1)
  4 goblins
  4 jackals (D:1)
  3 kobolds
  A quokka (D:1)
  A frilled lizard (D:1)
  3 rats
23 creatures vanquished.

Notes
Turn   | Place    | Note
-------+----------+-------------------------------------------
     0 | D:1      | Gabide the Human Monk began the quest for the Orb.
     0 | D:1      | Reached XP level 1. HP: 18/18 MP: 1/1
   197 | D:1      | Found Cojisk's Book Emporium.
   201 | D:1      | Reached XP level 2. HP: 24/24 MP: 2/2
   214 | D:1      | Found a faded altar of an unknown god.
   432 | D:1      | Found Lapuokui's Jewellery Emporium.
   854 | D:2      | Noticed a black bear
   865 | D:2      | Reached XP level 3. HP: 16/29 MP: 3/3
  1268 | D:1      | Slain by a black bear

Illustrated notes

Levels and vault maps discovered:
D:1:      shiori_shiawase, layout_basic, hellmonk_ecumenical_altar_lost_god,
          serial_shops, shop, shop
D:2:      layout_rooms, uniq_natasha

Action                   || total
-------------------------++-------
Melee: Spear             ||   106
  Use: Scroll            ||     4
       Potion            ||     3
 Stab: Sleeping          ||     4
Armor: Robe              ||    22
Dodge: Dodged            ||   118
